 Dungeon Crawl Stone Soup version 0.30.0-30-g96aa6591b8 (webtiles) character file.

Game seed: 8365506750586271476

16089 wingedge the Destroyer (level 11, -13/86 HPs)
             Began as a Demigod Wanderer on June 27, 2023.
             Mangled by a white ugly thing (17 damage)
             ... in a volcano.
             The game lasted 00:35:04 (16185 turns).

wingedge the Destroyer (Demigod Wanderer)          Turns: 16185, Time: 00:35:05

Health: -13/86     AC: 11    Str: 11 (14) XL:     11   Next: 76%
Magic:  7/24       EV: 11    Int: 23 (24) God:
Gold:   662        SH:  0    Dex: 13 (14) Spells: 14/22 levels left

rFire   + . .        b - staff of conjuration "Cuxkiezi" {rC+}
rCold   + . .        (no shield)
rNeg    . . .        z - +0 ring mail {rF+}
rPois   .            B - +1 hat
rElec   .            (no cloak)
rCorr   .            s - +0 pair of gloves
SInv    .            C - +2 pair of boots
Will    ++...        E - amulet of the acrobat
Stlth   ++           m - ring of willpower
HPRegen 0.34/turn    (no ring)
MPRegen 0.19/turn

%: acrobat
@: no status effects
A: high MP 1, forlorn, divine attributes
a: no special abilities


You were in a volcano.
You visited 2 branches of the dungeon, and saw 12 of its levels.
You also visited: Volcano.

You collected 662 gold pieces.

Inventory:

Hand Weapons
 a - the +7 halberd of Hell's Wrath {freeze, MP+9 Str+3}
   (You found it on level 8 of the Dungeon)

   Str:       It affects your strength (+3).
   MP:        It affects your magic capacity (+9).
 R - a +3 trident
 T - a +6 morningstar
 X - a +1 short sword of venom
Missiles
 c - 18 boomerangs
 k - 29 poisoned darts
Armour
 e - a +0 pair of boots
 s - a +0 pair of gloves (worn)
 z - a +0 ring mail of fire resistance (worn)
 B - a +1 hat (worn)
 C - a +2 pair of boots (worn)
 Y - a +1 robe of fire resistance
Magical Staves
 b - the staff of conjuration "Cuxkiezi" (weapon) {rC+}
   (You found it on level 10 of the Dungeon)

   [staff of conjuration]

   Base accuracy: +5 Base damage: 5 Base attack delay: 1.2 This weapon's minimum
   attack delay (0.6) is reached at skill level 12.
   rC:        It protects you from cold.
   It falls into the 'Staves' category.
   It is a one-handed weapon.
 d - a staff of death
 p - a staff of poison
 Q - a staff of fire
Jewellery
 m - a ring of willpower (left hand)
 E - an amulet of the acrobat (around neck)
Wands
 f - a wand of flame (4)
 O - a wand of paralysis (17)
Scrolls
 g - 3 scrolls of vulnerability
 h - 5 scrolls of magic mapping
 l - a scroll of brand weapon
 n - 2 scrolls of fear
 o - a scroll of enchant weapon
 q - 2 scrolls of immolation
 r - 3 scrolls of poison
 v - 4 scrolls of fog
 x - a scroll of enchant armour
 A - a scroll of torment {unknown}
 H - a scroll of blinking {unknown}
 I - a scroll of silence {unknown}
 K - 2 scrolls of teleportation
 Z - a scroll of acquirement {unknown}
Potions
 i - 4 potions of mutation
 j - a potion of invisibility
 t - 5 potions of brilliance
 u - a potion of heal wounds {unknown}
 w - 2 potions of magic
 y - 2 potions of might
 D - 3 potions of cancellation {unknown}
 F - a potion of lignification {unknown}
 G - a potion of resistance {unknown}
 J - 3 potions of degeneration
 M - 2 potions of curing
 N - 3 potions of attraction {unknown}
 P - 2 potions of ambrosia {unknown}
 V - a potion of flight {unknown}


   Skills:
 - Level 5.0 Fighting
 - Level 1.2 Maces & Flails
 - Level 4.0 Polearms
 - Level 4.0 Ranged Weapons
 - Level 2.6 Throwing
 - Level 6.0 Armour
 - Level 3.0 Dodging
 - Level 3.0 Stealth
 + Level 6.3 Spellcasting
 + Level 9.7 Conjurations
 - Level 1.7 Translocations
 - Level 4.0 Ice Magic
 - Level 8.0 Earth Magic


You had 14 spell levels left.
You knew the following spells:

 Your Spells              Type           Power      Damage    Failure   Level
a - Apportation           Tloc           30%        N/A       9%          1
b - Sandblast             Erth           88%        2d18      1%          1
c - Stone Arrow           Conj/Erth      100%       3d13      1%          3
d - Hailstorm             Conj/Ice       55%        3d12      3%          3

Your spell library contained the following spells:

 Spells                   Type           Power      Damage    Failure   Level
 Freeze                   Ice            100%       1d10      3%          1
 Passwall                 Tmut/Erth      20%        N/A       4%          2
 Frozen Ramparts          Ice            50%        1d8       10%         3
 Ensorcelled Hibernation  Hex/Ice        32%        N/A       12%         2
 Iskenderun's Mystic Bla  Conj/Tloc      50%        2d11      16%         4
 Sting                    Tmut/Pois      28%        1d4       17%         1
 Summon Small Mammal      Summ           28%        N/A       17%         1
 Poisonous Vapours        Pois/Air       14%        N/A       26%         2
 Teleport Other           Tloc           15%        N/A       26%         3
 Call Canine Familiar     Summ           7%         N/A       45%         3
 Summon Guardian Golem    Hex/Summ       7%         N/A       45%         3
 Swiftness                Air            7%         N/A       45%         3
 Olgreb's Toxic Radiance  Pois           7%         N/A       86%         4


Dungeon Overview and Level Annotations

Branches:
Dungeon (10/15)            Temple (0/1) D:5            Lair (2/5) D:10
  Swamp (0/4) Lair:2      Volcano (1/1)
  Snake: Lair:2-3    Spider: Lair:2-3       Orc: D:9-12

Shops:
D:9 *

Annotations:
D:3 1 transporter, Cheops's ghost, amateur AtEE


Innate Abilities, Weirdness & Mutations

You have an increased reservoir of magic. (+10% MP)
You shall have no god before yourself.
Your divine heritage dramatically boosts your attributes as you level up.


Message History

The white ugly thing is severely wounded.
The hail pelts the red devil!!
The red devil is frozen!
You kill the red devil!
The white ugly thing stings you but does no damage.
Casting: Hailstorm (mildly dangerous; 2% risk of failure)
Confirm with . or Enter, or press ? or * to list all spells.
Okay, then.
Press: ? - help, v - describe, . - travel
Here: a white ugly thing An open door.
You feel your magic capacity decrease.
The +7 halberd of Hell's Wrath {freeze, MP+9 Str+3} stops glowing.
b - the staff of conjuration "Cuxkiezi" (weapon)
{rC+}
Casting: Hailstorm (mildly dangerous; 2% risk of failure)
Confirm with . or Enter, or press ? or * to list all spells.
Casting: Hailstorm (mildly dangerous; 2% risk of failure)
Press: ? - help, Dir - look around, f - activate You feel a surge of power!
A cannonade of hail descends around you!
The hail pelts the white ugly thing!
The white ugly thing partially resists.
The white ugly thing is almost dead.
The white ugly thing stings you!
* * * LOW HITPOINT WARNING * * *
The white ugly thing freezes you! You resist.
* * * LOW HITPOINT WARNING * * *
Casting: Hailstorm (mildly dangerous; 2% risk of failure)
Confirm with . or Enter, or press ? or * to list all spells.
Aiming: Stone Arrow (safe; 1% risk of failure)
Press: ? - help, Shift-Dir - straight line, f - white ugly thing
Aim: a white ugly thing (78% to hit)
Okay, then.
It was a potion of degeneration.
There was something very wrong with that liquid.
You feel weakened.
You feel dopey.
You feel clumsy.
You carefully extract the barbed spikes from your body.
The white ugly thing stings you but does no damage.
It was a potion of curing.
You feel better. The white ugly thing stings you!
* * * LOW HITPOINT WARNING * * *
The white ugly thing freezes you! You resist.
You die...

§≈§§ ≈≈ §§≈≈≈§≈○§≈°.§≈≈ §≈≈
§§§≈§≈≈○○°§§§§≈ ≈ §§....§≈°°§≈§§≈
≈ ############°≈§≈≈≈≈≈ +.....+
#§≈≈≈≈≈≈° .8_8. #.≈≈≈≈≈§≈ )u.
#.≈≈≈≈§≈§ #u###++###.≈§≈≈§≈§
#@#......#.≈§≈≈≈≈§
#.#.######§§§≈≈§≈≈ #.# #§§≈§≈§≈≈
#.# #§≈§§≈§≈≈ #.# #.≈≈≈≈§§≈ #.#
#.≈≈≈≈§≈≈ ######'########.≈≈≈≈§§§
≈≈≈≈≈.......§.........≈≈≈≈≈≈≈§
≈≈≈≈§≈≈§§≈≈≈≈§≈§≈≈≈≈≈≈≈§≈≈§§≈≈≈≈§


You could see 2 ugly things.

Vanquished Creatures
  A centaur warrior (D:9)
  A two-headed ogre (D:10)
  Erica (D:8)
  A sun demon (Volcano)
  Pikel (D:7)
  An ugly thing (D:9)
  A cyclops (D:9)
  A black mamba (Lair:2)
  Joseph (D:10)
  3 cane toads (Lair:1)
  A rime drake (Lair:1)
  A komodo dragon (D:10)
  A red devil (Volcano)
  A troll (D:9)
  Grinder (D:6)
  4 wraiths
  A wyvern (D:9)
  20 yaks
  A fire bat (Volcano)
  Menkaure (D:7)
  4 water moccasins
  2 hell hounds (Lair:2)
  A black bear (D:8)
  4 orc warriors
  2 ice beasts (D:6)
  3 sky beasts
  7 centaurs
  4 ogres
  2 lemures (D:7)
  3 kobold brigands (D:9)
  2 gnoll sergeants (D:9)
  6 bullfrogs
  2 scorpions
  10 wights
  18 killer bees
  A howler monkey (D:9)
  7 lava snakes (Volcano)
  2 jellies
  A gnoll bouda (D:9)
  5 orc priests
  10 iguanas
  12 orc wizards
  A sleepcap (D:6)
  Natasha (thrice) (D:3)
  11 gnolls
  7 adders
  A shadow imp (D:5)
  A white imp (D:5)
  2 worms (D:3)
  2 dart slugs
  35 orcs
  7 endoplasms
  3 giant cockroaches
  8 goblins
  8 hobgoblins
  6 jackals
  7 quokkas
  9 ball pythons
  7 bats
  2 frilled lizards
  14 kobolds
  6 rats
292 creatures vanquished.

Notes
Turn   | Place    | Note
-------+----------+-------------------------------------------
     0 | D:1      | wingedge the Demigod Wanderer began the quest for the Orb.
     0 | D:1      | wingedge set off with the following items: a +0 sling, 8
                  | boomerangs, a +0 dagger, a potion of might, a +0 leather
                  | armour; and the following spell memorised: Apportation; and
                  | the following spells available to memorise: Teleport Other,
                  | Iskenderun's Mystic Blast.
     0 | D:1      | Reached XP level 1. HP: 14/14 MP: 5/5
   279 | D:1      | Reached skill level 1 in Fighting
   284 | D:1      | Reached XP level 2. HP: 23/23 MP: 7/7
   759 | D:2      | Reached XP level 3. HP: 23/28 MP: 8/8
  1506 | D:3      | Found a transporter.
  1507 | D:3      | Noticed Cheops's ghost (amateur AtEE)
  1508 | D:3      | Noticed an ogre
  1967 | D:3      | Reached XP level 4. HP: 36/36 MP: 9/9
  1970 | D:3      | Noticed Natasha
  1978 | D:3      | Killed Natasha
  2052 | D:3      | Reached skill level 1 in Earth Magic
  2145 | D:3      | Noticed an ogre
  2237 | D:3      | Reached skill level 1 in Conjurations
  2271 | D:3      | Noticed Natasha
  2283 | D:3      | Killed Natasha
  2479 | D:3      | Learned a level 1 spell: Sandblast
  2520 | D:3      | Noticed Natasha
  2531 | D:3      | Killed Natasha
  2532 | D:3      | Reached XP level 5. HP: 32/41 MP: 10/10
  3025 | D:4      | Reached skill level 2 in Conjurations
  3489 | D:5      | Entered Level 5 of the Dungeon
  3501 | D:5      | Reached skill level 1 in Armour
  3501 | D:5      | Reached XP level 6. HP: 17/48 MP: 8/11
  3614 | D:4      | Learned a level 3 spell: Stone Arrow
  4640 | D:5      | Found a staircase to the Ecumenical Temple.
  5222 | D:6      | Reached XP level 7. HP: 55/55 MP: 6/13
  5365 | D:6      | Noticed Grinder
  5369 | D:6      | Killed Grinder
  5370 | D:6      | Reached skill level 3 in Conjurations
  5763 | D:6      | Reached skill level 5 in Earth Magic
  5794 | D:6      | Reached skill level 4 in Conjurations
  5926 | D:6      | Reached XP level 8. HP: 61/61 MP: 5/15
  6028 | D:6      | Reached skill level 5 in Conjurations
  7561 | D:7      | Reached skill level 6 in Conjurations
  7643 | D:7      | Noticed Menkaure
  7646 | D:7      | Killed Menkaure
  7693 | D:7      | Learned a level 3 spell: Hailstorm
  7764 | D:7      | Reached XP level 9. HP: 49/68 MP: 0/18
  8030 | D:7      | Noticed Pikel
  8094 | D:7      | Killed Pikel
  8586 | D:7      | Reached skill level 5 in Spellcasting
  9484 | D:8      | Reached skill level 1 in Maces & Flails
  9559 | D:8      | Identified the +7 halberd of Hell's Wrath {freeze, MP+9
                  | Str+3}
  9826 | D:8      | Reached skill level 1 in Polearms
  9827 | D:8      | Reached skill level 7 in Conjurations
 10255 | D:8      | Noticed Erica
 10259 | D:8      | Killed Erica
 10260 | D:8      | Reached XP level 10. HP: 53/78 MP: 20/21
 11006 | D:9      | Found a runed translucent door.
 11049 | D:9      | Reached skill level 8 in Conjurations
 11231 | D:9      | Found Cecoxti's General Store.
 11818 | D:9      | Found a runed translucent door.
 12015 | D:9      | Noticed a cyan ugly thing
 12024 | D:9      | Killed a cyan ugly thing
 12025 | D:9      | Reached skill level 1 in Dodging
 12025 | D:9      | Reached skill level 1 in Stealth
 12099 | D:9      | Noticed a centaur warrior
 12104 | D:9      | Killed a centaur warrior
 12289 | D:9      | Noticed a cyclops
 12296 | D:9      | Killed a cyclops
 12830 | D:10     | Entered Level 10 of the Dungeon
 12973 | D:10     | Noticed a two-headed ogre
 12979 | D:10     | Killed a two-headed ogre
 12980 | D:10     | Reached skill level 5 in Fighting
 12980 | D:10     | Reached skill level 5 in Armour
 13063 | D:10     | Reached XP level 11. HP: 62/86 MP: 18/22
 13576 | D:10     | Noticed Joseph
 13779 | D:10     | Killed Joseph
 13920 | D:10     | Identified the staff of conjuration "Cuxkiezi" {rC+}
 14380 | D:10     | Found a staircase to the Lair.
 14408 | Lair:1   | Entered Level 1 of the Lair of Beasts
 14482 | Lair:1   | Reached skill level 9 in Conjurations
 15679 | Lair:2   | Found a dark tunnel.
 15690 | Volcano  | Entered a volcano
 16176 | Volcano  | Noticed a sun demon
 16180 | Volcano  | Killed a sun demon
 16185 | Volcano  | HP: 4/86 [white ugly thing (8)]
 16185 | Volcano  | Mangled by a white ugly thing

Illustrated notes

Levels and vault maps discovered:
D:1:      dpeg_arrival_fog, layout_loops_ring
D:2:      layout_loops_ring
D:3:      layout_basic, ebering_ecumenical_altar_rust, gammafunk_ghost_smash,
          uniq_natasha
D:4:      kennysheep_spiral_hall, layout_gridville, mainiacjoe_overflow_24_doors
D:5:      layout_cave_pods, kennysheep_mini, nicolae_overflow_hidden_temple,
          minmay_temple_entry_butterflies, serial_bayou, serial_bayou_ford_a,
          serial_bayou_pond_e, serial_bayou_lagoon_b, serial_bayou_lagoon_a,
          minivault_19
D:6:      kb_forest_paths, layout_rooms, chequers_serial_rivers_room_a,
          uniq_grinder
D:7:      minmay_recursive_quarters, layout_basic,
          mainiacjoe_overflow_boulevard, gammafunk_temple_overflow_pools,
          uniq_pikel, uniq_menkaure
D:8:      black_bear_nest_1, layout_basic, uniq_erica
D:9:      cheibrodos_histonic, layout_long_grid, mainiacjoe_overflow_alcove_4,
          serial_shops, shop, chequers_serial_rivers_small_a
D:10:     layout_basic, david_lair_shrubbed, uniq_joseph
Lair:1:   layout_roguey, serial_bayou_shore_b
Lair:2:   layout_cave_pods, palyth_hydra_swamp_entry, enter_volcano_3,
          uniq_amaemon, uniq_sonja
Volcano:  volcano_lake [vl_original]

Skill      XL: |  1  2  3  4  5  6  7  8  9 10 11 |
---------------+----------------------------------+-----
Ranged Weapons | 3 4 |  4.0
Fighting       | 1 2 4 5 |  5.0
Spellcasting   | 2 3 4 5 6 |  6.3
Earth Magic    | 1 3 4 5 6 7 8 |  8.0
Conjurations   | 1 2 4 6 7 8 9 |  9.7
Armour         | 1 2 3 4 5 6 |  6.0
Ice Magic      | 4 |  4.0
Maces & Flails | 1 |  1.2
Polearms       | 1 3 4 |  4.0
Dodging        | 2 3 |  3.0
Stealth        | 2 3 |  3.0
Throwing       | |  2.6
Translocations | |  1.7

Action                     |  1- 3 |  4- 6 |  7- 9 | 10-12 || total
---------------------------+-------+-------+-------+-------++-------
  Melee: Dagger            |    59 |    34 |       |       ||    93
         Short sword       |       |    68 |    56 |       ||   124
         Punch             |       |       |     1 |       ||     1
         Halberd           |       |       |     6 |    40 ||    46
   Fire: Sling             |   134 |    31 |       |       ||   165
  Throw: Boomerang         |     2 |       |       |       ||     2
   Cast: Sandblast         |       |    36 |       |     1 ||    37
         Stone Arrow       |       |    10 |   124 |   225 ||   359
         Hailstorm         |       |       |     7 |     8 ||    15
    Use: Potion            |       |     2 |       |     2 ||     4
         Scroll            |       |    10 |     4 |     4 ||    18
 Armour: Ring mail         |    51 |    66 |    28 |    37 ||   182
  Dodge: Dodged            |    55 |    56 |    68 |    99 ||   278
